 Dungeon Crawl Stone Soup version 0.21-a0-78-g82a99e0 (webtiles) character file.

101819 poirepourri the Imperceptible (level 15, -13/68 HPs)
             Began as a Spriggan Enchanter on June 19, 2017.
             Was the Champion of Dithmenos.
             Mangled by a swamp worm (16 damage)
             ... on level 1 of the Swamp on June 21, 2017.
             The game lasted 01:21:19 (36555 turns).

poirepourri the Imperceptible (Spriggan Enchanter) Turns: 36555, Time: 01:21:21

Health: -13/68     AC:  4    Str:  4    XL:     15   Next: 84%
Magic:  0/36       EV: 31    Int: 18    God:    Dithmenos [******]
Gold:   1029       SH:  0    Dex: 22    Spells: 29/47 levels left

rFire    . . .     SeeInvis +   a - +4 dagger (protect)
rCold    + . .     Gourm    .   (shield restricted)
rNeg     . . .     Faith    .   L - +2 robe {rC+}
rPois    +         Spirit   +   (helmet restricted)
rElec    .         Reflect  .   i - scarf {cloud immunity}
rCorr    .         Harm     .   (gloves unavailable)
MR       ++...                  (boots unavailable)
Stlth    ++++++++++             P - amulet "Xedwov" {Spirit rPois}
HPRegen  0.21/turn              R - +4 ring of evasion
MPRegen  0.25/turn              N - ring of wizardry

@: wreathed by umbra, very quick
A: unfitting armour, see invisible, herbivore 3, speed 3, slow metabolism 2
a: Shadow Step, Shadow Form, Renounce Religion


You were on level 1 of the Swamp.
You worshipped Dithmenos.
Dithmenos was exalted by your worship.
You were not hungry.

You visited 4 branches of the dungeon, and saw 23 of its levels.
You also visited: Labyrinth.

You collected 1462 gold pieces.
You spent 433 gold pieces at shops.

Inventory:

Hand Weapons
 a - a +4 dagger of protection (weapon)
 b - a +0 blowgun
 I - a +1 short sword of electrocution
Missiles
 k - 3 needles of paralysis
 H - 65 poisoned needles
Armour
 i - a scarf of cloud immunity (worn)
 L - a +2 robe of cold resistance (worn)
 O - +0 swamp dragon scales
Jewellery
 l - an uncursed ring of protection from cold
 m - an uncursed ring of protection from fire
 s - an uncursed ring of protection from fire
 x - the ring of Springtime {Ice MR+ Str+3}
   (You found it on level 8 of the Dungeon)

   [ring of ice]

   It enhances your ice magic.
   It affects your strength (+3).
   It makes you vulnerable to fire.
   It protects you from cold.
   It affects your resistance to hostile enchantments.
 y - a +3 ring of dexterity
 D - an uncursed amulet of faith
 G - a +2 ring of intelligence
 K - a +3 ring of slaying
 M - a cursed ring of teleportation
 N - a ring of wizardry (right hand)
 P - the amulet "Xedwov" (around neck) {Spirit rPois}
   (You found it on level 12 of the Dungeon)

   [amulet of guardian spirit]

   It causes incoming damage to be split between your health and magic.
   It protects you from poison.
 Q - a cursed ring of stealth
 R - a +4 ring of evasion (left hand)
Wands
 n - a wand of iceblast (4/15)
 o - a wand of paralysis (7/24)
 u - a wand of confusion (15/48)
 A - a wand of disintegration (0/24)
 C - a wand of lightning (7/15)
 E - a wand of confusion (29/48)
Scrolls
 f - a scroll of brand weapon
 h - 3 scrolls of teleportation
 F - 4 scrolls of remove curse
 T - 2 scrolls of blinking
Potions
 g - 6 potions of flight
 p - 4 potions of brilliance
 q - a potion of ambrosia
 r - a potion of resistance
 t - 4 potions of heal wounds
 v - 7 potions of curing
 z - 3 potions of haste
 B - a potion of agility
Books
 c - a book of Maledictions

   Spells                             Type                      Level
   a - Corona                         Hexes                        1
   b - Ensorcelled Hibernation        Hexes/Ice                    2
   c - Confuse                        Hexes                        3
   d - Tukima's Dance                 Hexes                        3
   e - Dazzling Spray                 Conjuration/Hexes            3
 j - a Young Poisoner's Handbook

   Spells                             Type                      Level
   a - Sting                          Conjuration/Poison           1
   b - Poisonous Vapours              Poison/Air                   2
   c - Mephitic Cloud                 Conjuration/Poison/Air       3
   d - Olgreb's Toxic Radiance        Poison                       4
   e - Venom Bolt                     Conjuration/Poison           5
 w - a book of Geomancy

   Spells                             Type                      Level
   a - Sandblast                      Earth                        1
   b - Passwall                       Transmutation/Earth          2
   c - Stone Arrow                    Conjuration/Earth            3
   d - Petrify                        Transmutation/Earth          4
   e - Lee's Rapid Deconstruction     Earth                        5
 S - the Collected Works on Aerial Evil
   (You found it in a labyrinth)

   Spells                             Type                      Level
   a - Swiftness                      Charms/Air                   2
   b - Mephitic Cloud                 Conjuration/Poison/Air       3
   c - Vampiric Draining              Necromancy                   3
   d - Conjure Ball Lightning         Conjuration/Air              6
 U - a book of Power

   Spells                             Type                      Level
   a - Iskenderun's Battlesphere      Conjuration/Charms           5
   b - Venom Bolt                     Conjuration/Poison           5
   c - Bolt of Magma                  Conjuration/Fire/Earth       5
   d - Iron Shot                      Conjuration/Earth            6
   e - Orb of Destruction             Conjuration                  7
   f - Spellforged Servitor           Conjuration/Summoning        7
 V - a book of Frost

   Spells                             Type                      Level
   a - Freeze                         Ice                          1
   b - Throw Frost                    Conjuration/Ice              2
   c - Ozocubu's Armour               Charms/Ice                   3
   d - Throw Icicle                   Conjuration/Ice              4
   e - Summon Ice Beast               Ice/Summoning                4
 W - a book of Dreams

   Spells                             Type                      Level
   a - Ensorcelled Hibernation        Hexes/Ice                    2
   b - Silence                        Hexes/Air                    5
   c - Darkness                       Hexes                        6
   d - Shadow Creatures               Summoning                    6
 Y - a book of Ice

   Spells                             Type                      Level
   a - Ice Form                       Ice/Transmutation            4
   b - Metabolic Englaciation         Hexes/Ice                    5
   c - Ozocubu's Refrigeration        Ice                          6
   d - Bolt of Cold                   Conjuration/Ice              6
   e - Freezing Cloud                 Conjuration/Ice/Air          6
   f - Simulacrum                     Ice/Necromancy               6
Comestibles
 d - 7 bread rations
 e - 28 fruits
 X - 2 royal jellies


   Skills:
 - Level 3.1 Fighting
 + Level 8.5 Short Blades
 + Level 9.3 Dodging
 + Level 24.3 Stealth
 + Level 16.5 Spellcasting
 + Level 3.1 Conjurations
 + Level 15.7 Hexes
 - Level 0.1 Ice Magic
 + Level 1.3 Invocations
 - Level 1.5 Evocations


You had 29 spell levels left.
You knew the following spells:

 Your Spells              Type           Power        Failure   Level  Hunger
a - Corona                Hex            ######.      0%          1    None
b - Ensorcelled Hibernat  Hex/Ice        #####.       1%          2    None
c - Confuse               Hex            ######..     0%          3    None
d - Tukima's Dance        Hex            ######..     0%          3    None
e - Dazzling Spray        Conj/Hex       #####.       1%          3    None
f - Darkness              Hex            ######....   1%          6    #####..


Dungeon Overview and Level Annotations

Branches:
Dungeon (14/15)            Temple (1/1) D:4            Lair (6/6) D:11
  Swamp (2/4) Lair:2       Spider (0/4) Lair:4        Slime (0/5) Lair:5
    Orc (0/2) D:10
 Vaults: D:13-14

Altars:
Ashenzari
Cheibriados
Dithmenos
Elyvilon
Fedhas
Gozag
Hepliaklqana
Kikubaaqudgha
Makhleb
Nemelex Xobeh
Okawaru
Qazlal
Ru
Sif Muna
Trog
Uskayaw
Vehumet
Wu Jian
Xom
Yredelemnul
Zin
The Shining One
Jiyva

Shops:
D:7 ?   D:8 :*=*


Innate Abilities, Weirdness & Mutations

You are very small and have problems with some larger weapons.
You are too small for most types of armour.
You have supernaturally acute eyesight. (SInv)
You are a herbivore.
You cover ground extremely quickly.
You need consume almost no food.


Message History

Aiming: Dazzling Spray
Press: ? - help, Shift-Dir - straight line, f/p - swamp worm
Aim: a swamp worm (moderately wounded, umbra)
The spray of energy hits the swamp worm.
The swamp worm is heavily wounded.
Your shadow mimicks your spell!
The shadow shard hits the swamp worm.
The swamp worm completely misses you.
The spriggan rider completely misses you.
The swamp worm completely misses you.
Casting: Dazzling Spray
Confirm with . or Enter, or press ? or * to list all spells.
Aiming: Dazzling Spray
Press: ? - help, Shift-Dir - straight line, f/p - swamp worm
Aim: a swamp worm (severely wounded, umbra)
The spray of energy hits the swamp worm.
The swamp worm is almost dead.
The spriggan rider hits you from afar with a spear!!
* * * LOW HITPOINT WARNING * * *
The swamp worm bites you!
You die...

.≈.≈..≈.≈≈≈≈.≈..≈♣
.≈≈...≈≈.≈...≈..♣♣
.♣...≈..≈.≈≈≈≈.♣♣ ♣♣♣ ♣♣♣♣♣♣
♣≈.≈......≈..≈.§♣♣ ♣.♣ ♣.≈♣.♣ ♣
..≈........≈♣.≈§≈♣♣ ♣.♣ ♣♣≈..♣♣♣♣
.≈≈≈≈.......♣...≈≈♣♣♣≈♣ ♣♣.≈≈.♣♣
.♣.♣..........≈..♣♣♣≈≈♣ ♣♣≈♣...≈
♣♣♣♣♣.......≈≈[..♣ ♣..♣♣♣♣≈.♣.≈..
♣♣........♣.@♣♣♣..♣♣...♣♣.≈..
♣♣♣♣♣♣♣.....♣..w♣......♣.♣♣≈..≈
♣♣.♣........≈♣.≈.i.≈≈≈≈.....≈♣≈≈
♣..........≈.♣.≈≈≈.≈≈≈≈..≈..≈≈≈§
♣............♣.≈≈≈.≈≈≈≈..≈≈.≈≈≈≈
♣♣.......♣...≈♣≈≈♣≈..>.♣≈≈≈≈≈≈≈≈.
♣........♣.♣♣.....≈≈♣♣...≈≈≈≈...≈
...≈..♣♣♣♣♣♣♣♣.≈≈...♣≈...♣...≈≈.≈
.§§.....♣♣ ♣(≈≈.♣..≈♣.♣♣♣..≈≈..


You could see a spriggan rider and a swamp worm.

Vanquished Creatures
  2 frost giants (D:11)
  Louise (Swamp:1)
  2 ettins (D:11)
  A minotaur (Lab)
  Fannar (D:11)
  Erica (D:11)
  12 hydras
  A ghost crab (Swamp:1)
  A merfolk avatar (Lair:6)
  4 death yaks
  6 alligators
  7 two-headed ogres
  2 centaur warriors
  A tengu warrior (D:13)
  A deep troll earth mage (D:11)
  2 hell knights (D:13)
  5 spriggans
  A deep troll (D:11)
  An unseen horror (D:11)
  A swamp dragon (Swamp:1)
  A shambling mangrove (Swamp:1)
  A phantasmal warrior (D:11)
  2 ugly things
  4 necromancers (D:13)
  2 harpies (Lair:6)
  An oklob plant (Lair:6)
  A deep elf mage (D:10)
  A cyclops (D:12)
  An orb spider (Lair:4)
  2 manticores
  8 slime creatures
  Maurice (D:8)
  Joseph (Lair:1)
  13 elephants
  Psyche (D:9)
  3 black mambas
  6 gargoyles
  13 spiny frogs
  The ghost of Ijustatesigmund the Skirmisher, a novice OpAr (D:4)
  7 rime drakes
  A kobold demonologist (D:12)
  14 komodo dragons
  A yaktaur (D:11)
  13 hornets
  5 trolls
  5 polar bears
  A wind drake (Lair:6)
  2 bog bodies (Swamp:1)
  Prince Ribbit (D:5)
  3 tyrant leeches
  2 minotaur skeletons (Lab)
  20 blink frogs
  13 hippogriffs
  4 dream sheep (Lair:6)
  4 shadows
  A wraith (D:11)
  6 wyverns
  38 yaks
  4 basilisks
  9 vampire mosquitoes
  Grum (D:11)
  5 hungry ghosts
  7 swamp worms
  Menkaure (D:5)
  A soldier ant (D:13)
  9 water moccasins
  13 insubstantial wisps
  7 hell hounds (D:13)
  10 porcupines
  8 orc warriors
  A phantom (D:7)
  2 swamp drakes
  2 black bears
  2 ice beasts
  2 sky beasts (D:11)
  4 necrophages
  9 ogres
  23 wolves
  7 centaurs
  17 crocodiles
  A big kobold (D:10)
  17 bullfrogs
  2 gnoll sergeants
  A wyvern skeleton (D:10)
  5 scorpions
  9 killer bees
  4 wights
  An electric eel (Lair:5)
  2 howler monkeys
  11 crimson imps
  A quasit (D:9)
  4 centaur zombies
  3 bullfrog zombies
  A centaur skeleton (D:9)
  8 hounds
  2 jellies
  4 iguanas
  14 orc priests
  20 orc wizards
  16 worker ants
  2 hound zombies
  2 howler monkey zombies
  A worker ant zombie (D:10)
  8 gnolls
  17 adders
  3 shadow imps
  An adder zombie (D:8)
  An adder skeleton (D:7)
  5 worms
  A dart slug (D:1)
  2 leopard geckos
  63 orcs
  4 ball pythons
  5 giant cockroaches
  6 goblins
  5 hobgoblins
  11 jackals
  10 bats
  2 frilled lizards
  A jackal skeleton (D:4)
  3 jackal zombies
  9 kobolds
  A leopard gecko skeleton (D:5)
  A leopard gecko zombie (D:7)
  9 rats
  A butterfly (Lair:1)
701 creatures vanquished.

Vanquished Creatures (collateral kills)
  A thorn hunter (Swamp:1)
  A shambling mangrove (Swamp:1)
  3 hornets (Swamp:1)
  A briar patch (Swamp:1)
6 creatures vanquished.

Vanquished Creatures (others)
  A spriggan (D:10)
  An orc (D:8)
  2 bushes (D:10)
  9 fungi
  17 plants
30 creatures vanquished.

Grand Total: 737 creatures vanquished

Notes
Turn   | Place    | Note
-------+----------+-------------------------------------------
     0 | D:1      | poirepourri the Spriggan Enchanter began the quest for the Orb.
     0 | D:1      | Reached XP level 1. HP: 9/9 MP: 5/5
   706 | D:1      | Reached XP level 2. HP: 12/13 MP: 3/6
   725 | D:1      | Learned a level 2 spell: Ensorcelled Hibernation
  1501 | D:1      | Reached XP level 3. HP: 11/16 MP: 1/8
  1506 | D:1      | Learned a level 3 spell: Confuse
  2119 | D:2      | Found a faded altar of an unknown god.
  2167 | D:2      | Found a shadowy altar of Dithmenos.
  2178 | D:2      | Became a worshipper of Dithmenos the Shadowed
  2233 | D:2      | Reached skill level 5 in Stealth
  2318 | D:2      | Reached XP level 4. HP: 20/21 MP: 5/10
  3212 | D:3      | Noticed a hand axe
  3213 | D:3      | Noticed a dagger
  3304 | D:3      | Learned a level 3 spell: Tukima's Dance
  3311 | D:3      | Reached XP level 5. HP: 8/25 MP: 5/12
  3513 | D:2      | Reached * piety under Dithmenos
  3666 | D:3      | Reached skill level 6 in Stealth
  3960 | D:3      | Found a hide-covered altar of Uskayaw.
  3988 | D:3      | HP: 1/25 [orc priest/nerve-wracking pain (2)]
  4412 | D:3      | Learned a level 3 spell: Dazzling Spray
  4606 | D:3      | Reached XP level 6. HP: 26/29 MP: 0/14
  4793 | D:4      | Noticed Ijustatesigmund's ghost (novice OpAr)
  4814 | D:4      | Killed Ijustatesigmund's ghost
  4814 | D:4      | Reached skill level 7 in Stealth
  4814 | D:4      | Reached skill level 5 in Spellcasting
  4814 | D:4      | Reached skill level 5 in Hexes
  4814 | D:4      | Reached XP level 7. HP: 32/32 MP: 7/16
  4817 | D:4      | Reached skill level 8 in Stealth
  5032 | D:4      | Found a basalt altar of Yredelemnul.
  5118 | D:4      | Found a staircase to the Ecumenical Temple.
  5129 | D:4      | Found a glowing silver altar of Zin.
  5160 | D:4      | Found a snail-covered altar of Cheibriados.
  5337 | D:4      | Reached ** piety under Dithmenos
  5499 | D:4      | Found a shattered altar of Ashenzari.
  5870 | D:5      | Entered Level 5 of the Dungeon
  5956 | Temple   | Entered the Ecumenical Temple
  6647 | D:5      | Reached skill level 9 in Stealth
  6827 | D:5      | Noticed Menkaure
  7272 | D:5      | Killed Menkaure
  7272 | D:5      | Reached XP level 8. HP: 37/37 MP: 12/18
  7361 | D:5      | Found a blossoming altar of Fedhas.
  7759 | D:5      | Reached skill level 10 in Stealth
  8000 | D:5      | Noticed Prince Ribbit
  8008 | D:5      | Killed Prince Ribbit
  8946 | D:6      | Reached skill level 1 in Fighting
  9739 | D:6      | Reached skill level 11 in Stealth
  9846 | D:6      | Reached XP level 9. HP: 24/41 MP: 2/21
 10149 | D:6      | Noticed a two-headed ogre
 10151 | D:6      | Killed a two-headed ogre
 10151 | D:6      | Reached skill level 5 in Dodging
 10151 | D:6      | Reached skill level 1 in Evocations
 10318 | D:7      | Reached skill level 5 in Short Blades
 10491 | D:7      | Reached skill level 12 in Stealth
 10675 | D:7      | Reached *** piety under Dithmenos
 10890 | D:7      | Found Huiq's Magic Scroll Shoppe.
 10894 | D:7      | Bought a scroll of identify for 30 gold pieces
 11255 | D:7      | Found an iron altar of Okawaru.
 11602 | D:7      | Reached skill level 13 in Stealth
 11602 | D:7      | Reached XP level 10. HP: 46/46 MP: 19/24
 11781 | D:8      | Found a white marble altar of Elyvilon.
 11829 | D:8      | Got a brightly glowing iron ring
 11889 | D:8      | Found Rocudel's Jewellery Emporium.
 11898 | D:8      | Noticed Maurice
 11904 | D:8      | Killed Maurice
 11928 | D:8      | Bought a +3 ring of dexterity for 204 gold pieces
 11929 | D:8      | Identified the ring of Springtime {Ice MR+ Str+3} (You found it on level 8 of the Dungeon)
 12272 | D:8      | Found Xyluurioll's Book Shoppe.
 12355 | D:8      | Found Item's General Store.
 12404 | D:8      | Reached skill level 14 in Stealth
 12585 | D:8      | Bought a scroll of identify for 22 gold pieces
 12875 | D:8      | Found Fyorhaum's Assorted Antiques.
 12883 | D:8      | Bought a scroll of identify for 56 gold pieces
 13014 | D:9      | Noticed a two-headed ogre
 13014 | D:9      | Noticed a two-headed ogre
 13019 | D:9      | Killed a two-headed ogre
 13019 | D:9      | Reached skill level 10 in Spellcasting
 13024 | D:9      | Killed a two-headed ogre
 13024 | D:9      | Reached skill level 1 in Conjurations
 13351 | D:9      | Reached **** piety under Dithmenos
 13411 | D:9      | Noticed a two-headed ogre
 13434 | D:9      | Killed a two-headed ogre
 13434 | D:9      | Reached skill level 15 in Stealth
 13434 | D:9      | Reached XP level 11. HP: 26/50 MP: 11/26
 13531 | D:9      | Noticed Psyche
 13536 | D:9      | Killed Psyche
 13796 | D:9      | Found a shattered altar of Ashenzari.
 13802 | D:9      | Reached skill level 10 in Hexes
 14385 | D:10     | Entered Level 10 of the Dungeon
 14402 | D:10     | Noticed a two-headed ogre
 14405 | D:10     | Noticed a two-headed ogre
 14412 | D:10     | Killed a two-headed ogre
 14439 | D:10     | Reached skill level 16 in Stealth
 14480 | D:10     | Noticed a deep elf mage
 14762 | D:10     | Found a staircase to the Orcish Mines.
 15608 | D:10     | Killed a deep elf mage
 15634 | D:10     | Found a blossoming altar of Fedhas.
 16571 | D:11     | Noticed a two-headed ogre
 16574 | D:11     | Killed a two-headed ogre
 16642 | D:11     | Noticed Grum
 16649 | D:11     | Killed Grum
 16662 | D:11     | Reached skill level 17 in Stealth
 16778 | D:11     | Noticed a two-headed ogre
 16785 | D:11     | Killed a two-headed ogre
 17369 | D:11     | Noticed a four-headed hydra
 17372 | D:11     | Noticed a cyan ugly thing
 17374 | D:11     | Killed a four-headed hydra
 17374 | D:11     | Reached XP level 12. HP: 53/53 MP: 29/29
 17392 | D:11     | Noticed Fannar
 17396 | D:11     | Noticed a centaur warrior
 17403 | D:11     | Killed a centaur warrior
 17411 | D:11     | Reached skill level 18 in Stealth
 17571 | D:11     | Killed Fannar
 17607 | D:11     | Noticed an ettin
 17609 | D:11     | Killed an ettin
 17660 | D:11     | Noticed a deep troll earth mage
 17663 | D:11     | Killed a deep troll earth mage
 17713 | D:11     | Noticed an ettin
 17715 | D:11     | Noticed a frost giant
 17715 | D:11     | Noticed a frost giant
 17717 | D:11     | Killed a frost giant
 17717 | D:11     | Reached skill level 1 in Invocations
 17720 | D:11     | Killed a frost giant
 17720 | D:11     | Reached skill level 19 in Stealth
 17722 | D:11     | Killed an ettin
 17769 | D:11     | Noticed Erica
 17780 | D:11     | Killed Erica
 17956 | D:11     | Identified the Almanac of the Entourage and Heat
 17996 | D:11     | Found a staircase to the Lair.
 18190 | D:11     | Reached XP level 13. HP: 58/58 MP: 31/31
 18331 | D:11     | Found a snail-covered altar of Cheibriados.
 18444 | D:12     | Got a faintly glowing tin amulet
 18458 | D:12     | Identified the amulet "Xedwov" {Spirit rPois} (You found it on level 12 of the Dungeon)
 18736 | D:12     | Found a labyrinth entrance.
 18746 | Lab      | Entered a labyrinth
 20095 | Lab      | Noticed a minotaur
 20109 | Lab      | Killed a minotaur
 20109 | Lab      | Reached skill level 20 in Stealth
 20127 | Lab      | Identified the Collected Works on Aerial Evil
 21154 | D:13     | Reached skill level 21 in Stealth
 22461 | D:12     | Upgraded the game from 0.21-a0-71-g5e5ddd2 to 0.21-a0-72-gbbb65ab
 23414 | Lair:1   | Entered Level 1 of the Lair of Beasts
 23490 | Lair:1   | Noticed Joseph
 23524 | Lair:1   | Killed Joseph
 23806 | Lair:1   | Learned a level 6 spell: Darkness
 23882 | Lair:1   | Reached XP level 14. HP: 63/63 MP: 30/33
 24607 | Lair:2   | Reached skill level 22 in Stealth
 24782 | Lair:2   | Found a staircase to the Swamp.
 26086 | D:8      | Bought a scroll of remove curse for 33 gold pieces
 26086 | D:8      | Bought a potion of magic for 88 gold pieces
 26711 | Lair:4   | Reached ***** piety under Dithmenos
 26763 | Lair:4   | Found a hole to the Spider Nest.
 28569 | Lair:5   | Found a viscous altar of Jiyva.
 28569 | Lair:5   | Found a staircase to the Slime Pits.
 30015 | Lair:6   | Entered Level 6 of the Lair of Beasts
 30092 | Lair:6   | Reached skill level 15 in Spellcasting
 30380 | Lair:6   | Reached skill level 23 in Stealth
 31630 | Lair:6   | Reached XP level 15. HP: 67/67 MP: 31/35
 31775 | Lair:5   | Upgraded the game from 0.21-a0-72-gbbb65ab to 0.21-a0-78-g82a99e0
 33210 | Lair:6   | Reached skill level 15 in Hexes
 33423 | Swamp:1  | Entered Level 1 of the Swamp
 34095 | Swamp:1  | Noticed a thorn hunter
 34104 | Swamp:1  | Paralysed by a hornet for 2 turns
 34109 | Swamp:1  | Killed a thorn hunter
 34770 | Swamp:1  | Reached skill level 24 in Stealth
 35070 | Swamp:1  | Noticed Louise
 35250 | Swamp:1  | Killed Louise
 36156 | Swamp:2  | Reached ****** piety under Dithmenos
 36555 | Swamp:1  | HP: 3/68 [spriggan rider/spear (23)]
 36555 | Swamp:1  | Mangled by a swamp worm

Vault maps used:
D:1:      saegor_arrival_simple_d
D:2:      nicolae_overflow_crystal_walls, chequers_ecumenical_altar_simple
D:3:      dancing_weapons_uskayaw, serial_bayou_pond_e,
          kennysheep_generic_room_9
D:4:      zin_treasury, cheibriados_altar_1, kennysheep_little_box,
          lemuel_doored_altar, minmay_temple_entry_statues, first_bread
D:5:      lemuel_crystal_altar, uniq_menkaure, uniq_prince_ribbit1
D:7:      okawaru_trees_1, serial_shops, shop_scrolls, wad_rectangle_vault
D:8:      elyvilon_altar_4, serial_shops, kennysheep_mini_moat, shop,
          nicolae_shop_waterfront, shop_coins, uniq_maurice
D:9:      basic_altar, uniq_psyche
D:10:     david_orc_2, serial_glass, glass_columns_a, glass_columns_b,
          glass_columns_a, glass_columns_c, due_unseen_surprise,
          minmay_strange_pillars, hangedman_stone_soup,
          fedhas_altar_decomposition
D:11:     minmay_tearing_corner, david_lair_generic, basic_altar, uniq_erica,
          uniq_grum, uniq_fannar
D:12:     lab_entry_generic
D:13:     minmay_rotating_lava
D:14:     lightli_vaults_fourway_checkpoint, serial_ice, serial_ice_h,
          serial_ice_m, serial_ice_n, serial_ice_i, portal_ice_cave_entry_imps,
          serial_shops, bzr_entry_gold, minmay_misc_feat_secret_circle,
          hangedman_decor_lopped, minmay_ruined_shrine
Temple:   oiseaux_autumnal_temple
Lair:1:   lemuel_fruit_tree, lemuel_fruit_fields, uniq_joseph
Lair:2:   swamp_mist
Lair:3:   pond
Lair:4:   nicolae_spider_entry_orb_guardian
Lair:5:   slime_altar_1, infiniplex_staircase_pool
Lair:6:   gammafunk_lair_ancient_temple
Swamp:1:  nicolae_swamp_trees_clearing, uniq_louise
Swamp:2:  nicolae_swamp_fairy_circle
Lab:      labyrinth_mini_lab, nicolae_lab_statue, nicolae_lab_grate,
          nicolae_lab_diamond, labyrinth_skeletal_remains, nicolae_lab_arrow,
          lab_hedge

Skill      XL: |  1  2  3  4  5  6  7  8  9 10 11 12 13 14 15 |
---------------+----------------------------------------------+-----
Spellcasting   | 3 4 5 6 7 9 10 12 13 14 15 16 | 16.5
Hexes          | 4 5 6 7 8 9 11 12 13 14 15 | 15.7
Stealth        | 5 6 7 9 11 13 15 17 19 21 23 24 | 24.3
Dodging        | 4 6 7 8 9 |  9.3
Short Blades   | 2 3 4 5 6 7 8 |  8.5
Fighting       | 1 2 3 |  3.1
Evocations     | 1 |  1.5
Conjurations   | 1 2 3 |  3.1
Invocations    | 1 |  1.3
Ice Magic      | |  0.1

Action                   |  1- 3 |  4- 6 |  7- 9 | 10-12 | 13-15 || total
-------------------------+-------+-------+-------+-------+-------++-------
Melee: Dagger            |   111 |   110 |   312 |   331 |   772 ||  1636
 Cast: Corona            |     3 |     1 |     1 |       |     3 ||     8
       Ensorcelled Hiber |    22 |    64 |   104 |   115 |   302 ||   607
       Confuse           |       |     3 |    41 |    50 |   124 ||   218
       Dazzling Spray    |       |       |     4 |    20 |   179 ||   203
       Darkness          |       |       |       |       |     4 ||     4
Invok: Shadow Step       |       |       |       |    12 |     9 ||    21
Evoke: Wand              |       |       |     7 |     5 |     4 ||    16
  Use: Scroll            |     2 |     4 |    11 |    10 |    35 ||    62
       Potion            |     1 |     1 |     2 |     1 |    15 ||    20
 Stab: Sleeping          |    15 |    29 |    61 |   118 |   241 ||   464
       Confused          |       |     3 |    16 |    32 |    72 ||   123
       Invisible         |       |       |     2 |       |    25 ||    27
       Distracted        |       |       |     1 |       |     3 ||     4
  Eat: Bread ration      |     1 |       |     1 |     1 |     2 ||     5
       Royal jelly       |       |       |     1 |       |     4 ||     5
       Fruit             |       |       |       |       |     2 ||     2
Armor: Robe              |    15 |     8 |    32 |    12 |    35 ||   102
Dodge: Dodged            |   115 |    87 |   231 |   263 |   834 ||  1530
